 Dungeon Crawl Stone Soup version 0.31-a0-620-gd1cbd99268 (webtiles) character file.

Game seed: 13805996842488811864

1633 RepHenryClay the Cleaver (level 8, -14/64 HPs)
             Began as a Minotaur Delver on Aug 24, 2023.
             Was a Follower of Ru.
             Demolished by a two-headed ogre
             ... wielding a +0 giant spiked club
              (21 damage)
             ... on level 6 of the Dungeon.
             The game lasted 00:10:29 (4311 turns).

RepHenryClay the Cleaver (Minotaur Delver)          Turns: 4311, Time: 00:10:30

Health: -14/64     AC:  8    Str: 10 (13) XL:     8   Next: 66%
Magic:  16/16      EV: 11    Int:  4 (7)  God:    Ru [*.....]
Gold:   336        SH:  0    Dex: 16 (17) Spells: 7/7 levels left

rFire   . . .        u - +11 hand axe of Indomitability {speed, MP+9 Str-5 Dex+4 Stlth+}
rCold   . . .        (no shield)
rNeg    . . .        y - +0 ring mail
rPois   .            (helmet restricted)
rElec   .            (no cloak)
rCorr   .            i - +0 pair of gloves
SInv    .            q - +0 pair of boots
Will    .....        (no amulet) Stlth
                     (no ring)
HPRegen 0.30/turn    (no ring)
MPRegen 0.15/turn

%: no passive effects
@: no status effects
A: horns 2, no stealth, retaliatory headbutt, no forms
a: Renounce Religion


You were on level 6 of the Dungeon.
You worshipped Ru.
Ru was aware of your devotion.
You visited 2 branches of the dungeon, and saw 7 of its levels.

You collected 336 gold pieces.

Inventory:

Hand Weapons
 a - a +0 mace
 b - a +0 mace of protection
 u - the +11 hand axe of Indomitability (weapon) {speed, MP+9 Str-5 Dex+4 Stlth+}
   (You found it on level 3 of the Dungeon)

   Str-5:     It affects your strength (-5).
   Dex+4:     It affects your dexterity (+4).
   MP+9:      It affects your magic capacity (+9).
   Stlth+:    It makes you more stealthy.
Armour
 i - a +0 pair of gloves (worn)
 q - a +0 pair of boots (worn)
 y - a +0 ring mail (worn)
Jewellery
 p - a ring of wizardry
 w - the ring "Dohuh" {Str+6 Int+3 Dex+2 Slay+4 Stlth+}
   (You found it on level 3 of the Dungeon)

   [ring of strength]

   Str+6:     It affects your strength (+6).
   Int+3:     It affects your intelligence (+3).
   Dex+2:     It affects your dexterity (+2).
   Slay+4:    It affects your accuracy & damage with ranged weapons and melee
   (+4).
   Stlth+:    It makes you more stealthy.
Wands
 g - a wand of digging (3)
 x - a wand of iceblast (14)
Scrolls
 c - a scroll of fog
 d - 3 scrolls of revelation
 e - 2 scrolls of fear
 j - a scroll of poison {unknown}
 k - a scroll of enchant armour {unknown}
 n - 6 scrolls of identify {unknown}
 o - a scroll of noise {unknown}
 r - a scroll of amnesia {unknown}
 s - a scroll of vulnerability {unknown}
 v - 3 scrolls of teleportation {unknown}
Potions
 f - a potion of haste
 h - a potion of heal wounds {unknown}
 l - 4 potions of curing
 m - 2 potions of degeneration
 t - a potion of mutation {unknown}


   Skills:
 - Level 3.6 Fighting
 + Level 11.0(11.5) Axes
 - Level 5.5(9.0) Maces & Flails
 - Level 4.8 Armour
 - Level 2.1 Dodging


You had 7 spell levels left.
You didn't know any spells.
Your spell library contained the following spells:

 Spells                   Type           Power      Damage    Failure   Level
 Foxfire                  Conj/Fire      0%         2x1d4     80%         1
 Freeze                   Ice            0%         1d3       80%         1
 Blink                    Tloc           0%         N/A       90%         2
 Lesser Beckoning         Tloc           0%         N/A       90%         2
 Poisonous Vapours        Pois/Air       0%         N/A       90%         2
 Frozen Ramparts          Ice            0%         1d1       99%         3
 Gell's Gravitas          Tloc           0%         N/A       99%         3
 Hailstorm                Conj/Ice       0%         3d3       99%         3
 Mephitic Cloud           Conj/Pois/Air  0%         N/A       99%         3
 Teleport Other           Tloc           0%         N/A       99%         3
 Manifold Assault         Tloc           0%         N/A       100%        4
 Freezing Cloud           Conj/Ice/Air   0%         6-21      100%        5
 Plasma Beam              Fire/Air       0%         2x1d10    100%        6
 Starburst                Conj/Fire      0%         6d3       100%        6


Dungeon Overview and Level Annotations

Branches:
Dungeon (6/15)             Temple (1/1) D:5

Altars:
Dithmenos
Elyvilon
Kikubaaqudgha
Makhleb
Nemelex Xobeh
Qazlal
Ru
Uskayaw
Xom
Yredelemnul
Zin


Innate Abilities, Weirdness & Mutations

You have a pair of horns on your head.
You cannot be stealthy.
You reflexively headbutt those who attack you in melee.
You cannot voluntarily change form.


Message History

You hit the orc. Your headbutt misses the orc.
The orc is heavily wounded.
You slash the orc!
You kill the orc!
The orc wizard hits you with a +0 dagger.
Things that are here:
a +0 morningstar; 12 gold pieces; Damage: -6%(-4hp) hp: 91%(58hp)
You slash the orc wizard!
The orc wizard is heavily wounded.
You slash the orc wizard!
You kill the orc wizard!
The orc priest looks encouraged for a moment.
You slash the orc priest!
The orc priest is almost dead.
You hit the orc priest.
You kill the orc priest!
Your Axes skill increases to level 11!
The orc barely misses you. You furiously retaliate!
You headbutt the orc.
You kill the orc!
Items here: ))) [[ ††.
The two-headed ogre hits you with a +0 giant spiked club!!
The two-headed ogre hits you with a +0 giant spiked club!
The orc priest invokes the aid of Beogh against you.
Pain shoots through your body!
Things that are here:
a +0 mace; a +0 scale mail; a +0 mace Huge Dmg: -49%(-31hp) hp: 44%(28hp) Unknown command.
Okay, then.
It was a potion of degeneration.
There was something very wrong with that liquid.
You feel weakened.
You feel dopey.
You feel clumsy.
The two-headed ogre hits you with a +0 giant spiked club!!
* * * LOW HITPOINT WARNING * * *
The two-headed ogre closely misses you.
The orc priest hits you but does no damage.
Huge Dmg: -33%(-21hp) hp: 11%(7hp)
The two-headed ogre attacks as it pursues you!
The two-headed ogre hits you with a +0 giant spiked club!!
You die...

#..# #..# #..# #..# #..#
#..# ###### #..# ###.(...
###.@#####...#
##.ooO))).....#
#...o.#####...# #.###l##
##..# # #.zz).# #..#
#..oo#oo..# #..#########
#.....#)....##...†.......
#?..#####ooO##...###.....
#......#..z.o.#...#
#.####


You could see a two-headed ogre, an iguana, 2 wights, 2 orc priests and 3 orcs.

Vanquished Creatures
  2 black bears
  An ice beast (D:5)
  2 ogres (D:6)
  A centaur (D:5)
  A phantom (D:6)
  A bullfrog (D:6)
  3 scorpions
  A howler monkey (D:4)
  3 hounds (D:6)
  3 jellies (D:6)
  An orc priest (D:6)
  2 iguanas (D:5)
  3 sleepcaps
  6 orc wizards
  Robin (D:4)
  6 gnolls
  10 adders
  A white imp (D:5)
  3 worms
  3 dart slugs
  17 orcs
  3 ball pythons
  A giant cockroach (D:1)
  15 goblins
  9 hobgoblins
  3 jackals (D:4)
  5 quokkas
  9 bats
  2 frilled lizards (D:2)
  5 kobolds
  3 rats
126 creatures vanquished.

Notes
Turn   | Place    | Note
-------+----------+-------------------------------------------
     0 | D:5      | RepHenryClay the Minotaur Delver began the quest for the
                  | Orb.
     0 | D:5      | Reached XP level 1. HP: 19/19 MP: 0/0
    23 | D:5      | Noticed a scorpion
    32 | D:5      | Killed a scorpion
    33 | D:5      | Reached XP level 2. HP: 8/26 MP: 1/1
    33 | D:5      | Reached XP level 3. HP: 10/31 MP: 2/2
   109 | D:5      | Found a staircase to the Ecumenical Temple.
   128 | Temple   | Entered the Ecumenical Temple
   136 | Temple   | Became a worshipper of Ru the Awakened
   165 | D:5      | Noticed an ice beast
   166 | D:5      | Reached XP level 4. HP: 31/39 MP: 3/3
   169 | D:5      | Noticed a centaur
   204 | D:4      | Noticed a scorpion
   216 | D:4      | Killed a scorpion
   217 | D:4      | Reached skill level 5 in Maces & Flails
   217 | D:4      | Reached XP level 5. HP: 31/45 MP: 4/4
   299 | D:5      | Noticed a black bear
   979 | D:1      | Gained mutation: You cannot be stealthy. [Ru sacrifice]
  1446 | D:2      | Found a faded altar of an unknown god.
  1447 | D:2      | Noticed a floating eye
  1451 | D:2      | Noticed an eye of devastation
  1466 | D:2      | Noticed a great orb of eyes
  1467 | D:2      | Noticed a great orb of eyes
  1873 | D:3      | Identified the +11 hand axe of Indomitability {speed, MP+9
                  | Str-5 Dex+4 Stlth+}
  1969 | D:3      | Identified the ring "Dohuh" {Str+6 Int+3 Dex+2 Slay+4
                  | Stlth+}
  2150 | D:3      | Reached skill level 1 in Axes
  2150 | D:3      | Reached XP level 6. HP: 51/51 MP: 5/5
  2533 | D:4      | Reached skill level 3 in Axes
  2700 | D:4      | Noticed Robin
  2707 | D:4      | Killed Robin
  2708 | D:4      | Reached skill level 4 in Axes
  2905 | D:4      | Reached skill level 5 in Axes
  2905 | D:4      | Reached XP level 7. HP: 57/57 MP: 6/6
  3165 | D:5      | Reached skill level 6 in Axes
  3275 | D:5      | Reached skill level 7 in Axes
  3454 | D:5      | Gained mutation: You cannot voluntarily change form. [Ru
                  | sacrifice]
  3454 | D:5      | Reached * piety under Ru
  3456 | D:5      | Found a stormy altar of Qazlal.
  3690 | D:5      | Reached skill level 8 in Axes
  3967 | D:6      | Identified the +9 orcbow "Bofun" {heavy, Will+ rCorr}
  4032 | D:6      | Reached XP level 8. HP: 49/64 MP: 7/7
  4129 | D:6      | Reached skill level 9 in Axes
  4219 | D:6      | Reached skill level 10 in Axes
  4285 | D:6      | Noticed a two-headed ogre
  4307 | D:6      | Reached skill level 11 in Axes
  4311 | D:6      | Demolished by a two-headed ogre

Illustrated notes

Levels and vault maps discovered:
D:1:      dpeg_arrival_simpleton_c, layout_basic, minmay_misc_feat_room
D:2:      wander_river, layout_rooms, hellmonk_ecumenical_altar_watching_god
D:3:      layout_basic, nicolae_concentric_dashed_squares_wild
D:4:      layout_cave_pools, uniq_robin
D:5:      layout_gridville, grunt_qazlal_clouds, temple_pool_b,
          lightli_ossuary_entry_decrepit_ruins, uniq_sigmund
D:6:      layout_loops_ring, minitemple, amcnicky_mini_pool_small,
          grunt_potential
Temple:   dpeg_chambers_temple

Skill      XL: |  1  2  3  4  5  6  7  8 |
---------------+-------------------------+-----
Maces & Flails | 4 5 |  5.5
Armour         | 2 3 4 |  4.8
Stealth        | 0 |  0.0
Axes           | 1 5 8 11 | 11.0
Fighting       | |  3.6
Dodging        | |  2.1

Action                     |  1- 3 |  4- 6 |  7- 9 || total
---------------------------+-------+-------+-------++-------
  Melee: Mace              |    12 |    89 |       ||   101
         Headbutt          |     3 |    20 |    16 ||    39
         Hand axe          |       |    58 |    91 ||   149
         Punch             |       |       |     2 ||     2
 Invoke: Sacrifice Stealth |       |     1 |       ||     1
         Sacrifice Forms   |       |       |     1 ||     1
    Use: Potion            |       |     1 |     1 ||     2
   Stab: Distracted        |       |     1 |       ||     1
 Armour: Leather armour    |       |    24 |     5 ||    29
         Plate armour      |       |    45 |       ||    45
         Ring mail         |       |       |    10 ||    10
  Dodge: Dodged            |    11 |    84 |    34 ||   129

Table legend: (Time is in decaauts)
 A = Elapsed time spent in this place.
 B = Non-inter-level travel time spent in this place.
 C = Inter-level travel time spent in this place.
 D = Time resting spent in this place.
 E = Time spent auto-exploring this place.
 F = Levels seen in this place.
 G = Mean time per level.
                   A        B        C        D        E       F      G
               +--------+--------+--------+--------+--------+-----+--------+
         Total |   4295 |   4085 |    210 |    308 |   2918 |   7 |  613.6 |
       Dungeon |   4279 |   4077 |    202 |    308 |   2918 |   6 |  713.2 |
        Temple |     16 |      9 |      7 |      0 |      0 |   1 |   16.0 |
               +--------+--------+--------+--------+--------+-----+--------+

Top non-repeatable levels by time:
     D:3: 1115 daAuts
     D:5: 968 daAuts
     D:1: 684 daAuts
     D:4: 620 daAuts
     D:2: 534 daAuts
     D:6: 356 daAuts
  Temple: 16 daAuts
